 Dungeon Crawl Stone Soup version 0.15-a0-809-g8e1b895 (webtiles) character file.

412 Bloax the Insei (level 6, 0/34 HPs)
             Began as a Tengu Transmuter on May 14, 2014.
             Killed from afar by Amnesiac's ghost (2 damage)
             ... with a magic dart
             ... on Level 5 of the Dungeon.
             The game lasted 00:12:21 (2110 turns).

Bloax the Insei (Tengu Transmuter)                  Turns: 2110, Time: 00:12:21

HP   0/34        AC  2     Str 11      XL: 6   Next: 90%
MP   6/12        EV 22     Int 13      God:
Gold 57          SH  0     Dex 21      Spells:  3 memorised,  3 levels left

rFire  . . .     SeeInvis .       - Unarmed
rCold  . . .     Clarity  .     j - melded +2 robe {MR+}
rNeg   . . .     Conserve .     (shield currently unavailable)
rPois  x         rCorr    .     (helmet currently unavailable)
rElec  .         rRot     .     (cloak currently unavailable)
SustAb + .       Spirit   .     (gloves currently unavailable)
rMut   .         Warding  .     (boots unavailable)
Gourm  .         Stasis   .     (no amulet)
MR     .....                    (no ring)
                                o - ring of sustain abilities

@: spider-form, lethally poisoned, quick, not resistant to hostile enchantments,
unstealthy
A: able to fly, (beak), (talons 0)
a: Fly, End Transformation


You were on level 5 of the Dungeon.
You were not hungry.
You were in spider-form.
You visited 2 branches of the dungeon, and saw 6 of its levels.

You collected 114 gold pieces.
You spent 57 gold pieces at shops.


Innate Abilities, Weirdness & Mutations

You can fly.
((You have a beak for a mouth.))*
((You have claws for feet.))*


   Skills:
 - Level 1.0 Fighting
 - Level 3.5 Dodging
 + Level 5.7 Unarmed Combat
 - Level 2.0 Spellcasting
 + Level 3.1 Transmutations
 + Level 2.9 Poison Magic


You had 3 spell levels left.
You knew the following spells:

 Your Spells              Type           Power        Failure   Level  Hunger
a - Beastly Appendage     Trmt           #.....       24%         1    ##.....
b - Sticks to Snakes      Trmt           #.........   28%         2    ###....
c - Spider Form           Trmt/Pois      #.........   41%         3    ####...


Dungeon Overview and Level Annotations

Branches:
Dungeon (5/15)             Temple (1/1) D:4

Altars:
Dithmenos
Elyvilon
Fedhas
Kikubaaqudgha
Makhleb
Nemelex Xobeh
Qazlal
Sif Muna
Trog
Vehumet
Xom
Zin
The Shining One

Shops:
D:4 ([:?

Annotations:
D:5 Amnesiac's ghost, average DEWz; Grinder; Sigmund

Inventory:

Missiles
 b - 34 arrows
 c - 20 darts of dispersal (quivered) {!f}
Armour
 j - a +2 robe of magic resistance (melded)
   (You bought it in a shop on level 4 of the Dungeon)
Magical devices
 p - a wand of flame (11) {unknown}
   (You found it on level 5 of the Dungeon)
Comestibles
 a - 2 bread rations
Scrolls
 g - a scroll of teleportation
 h - a scroll of magic mapping {unknown}
 i - 5 scrolls of identify
 l - a scroll of noise {unknown}
 m - a scroll of blinking {unknown}
 q - a scroll of amnesia
Jewellery
 o - a ring of sustain abilities (left front leg)
   (You found it on level 4 of the Dungeon)
 t - an uncursed ring of protection from magic {unknown}
   (You found it on level 5 of the Dungeon)
Potions
 e - a potion of lignification {unknown}
 f - a potion of heal wounds {unknown}
 n - a potion of flight {unknown}
 r - a potion of poison {unknown}
Books
 d - a book of Changes

   Spells                             Type                      Level
   *Beastly Appendage                 Transmutation                1
   *Sticks to Snakes                  Transmutation                2
   *Spider Form                       Transmutation/Poison         3
   Ice Form                           Ice/Transmutation            4
   Blade Hands                        Transmutation                5
Magical staves
 s - an uncursed staff of poison {!a}
   (You found it on level 4 of the Dungeon)

..........#
#...........#
#...........#
#..........(#
#...........#
#...........#
#...........#
#.>....W....#
#...s.K@....#
#...........#
#...........#
#############


You could see Sigmund, Amnesiac's ghost and a kobold.


Message History

Grinder gestures.
Grinder blinks!
You kill the worker ant!
The quokka skeleton completely misses you.
You see here 14 gold pieces.
You now have 57 gold pieces (gained 14).
The ogre completely misses you.
The quokka skeleton completely misses you.
The orc priest becomes somewhat translucent.
The adder misses you.
The orc wizard becomes somewhat translucent.
Found a bone ring.
The adder misses you. The ogre closely misses you.
The adder completely misses you.
Found 18 arrows.
Unknown command.
Your transformation has ended.
You feel resistant to hostile enchantments.
The orc wizard gestures wildly while chanting.
You feel troubled. The adder bites you.
You see here a bone ring.
t - a bone ring The adder barely misses you.
Read which item? (? for menu, Esc to quit)
As you read the scroll of teleportation, it crumbles to dust.
You feel strangely unstable. The adder closely misses you.
The ogre hits you with a giant spiked club!
Ouch! That really hurt!
* * * LOW HITPOINT WARNING * * *
The adder closely misses you.
Unknown command.
Drink which item? (? for menu, Esc to quit)
You feel better. The adder barely misses you. The orc closely misses you.
The orc wizard's eyes start to glow.
Unknown command.
The orc hits you.
* * * LOW HITPOINT WARNING * * *
The quokka skeleton bites you.
* * * LOW HITPOINT WARNING * * *
The adder barely misses you.
Your surroundings suddenly seem different.
Amnesiac's ghost (average Deep Elf Wizard) comes into view.
Amnesiac's ghost closely misses you.
The kobold shoots a poisoned needle.
The poisoned needle closely misses you.
The poisoned needle barely misses Amnesiac's ghost.
Found an oily brown potion and a poisoned needle.
Found a stone staircase leading down.
Sigmund comes into view.
He is wielding a scythe.
Unknown command.
The kobold unwields an uncursed blowgun.
The kobold wields an uncursed dagger.
The kobold barely misses you.
Amnesiac's ghost hits you but does no damage.
Casting: Spider Form You turn into a venomous arachnid creature.
You feel less resistant to hostile enchantments.
Sigmund casts a spell at you. The puff of flame hits you!
* * * LOW HITPOINT WARNING * * *
The kobold hits you with an uncursed dagger.
* * * LOW HITPOINT WARNING * * *
Amnesiac's ghost completely misses you.
Unknown command.
The kobold completely misses you.
The kobold unwields an uncursed dagger.
The kobold wields an uncursed blowgun.
The kobold shoots a poisoned needle.
The poisoned needle hits you!
You are lethally poisoned!
Amnesiac's ghost casts a spell at you. The magic dart hits you!
You die...

Action                   |  1- 3 |  4- 6 || total
-------------------------+-------+-------++-------
Melee: Unarmed           |    76 |   142 ||   218
 Cast: Beastly Appendage |    15 |    11 ||    26
       Spider Form       |       |     8 ||     8
 Abil: Fly               |       |     3 ||     3
  Use: Potion            |     1 |     1 ||     2
       Scroll            |       |     6 ||     6
 Stab: Sleeping          |     1 |       ||     1
       Distracted        |       |     1 ||     1

Vault maps used:
D:1:      sevenhm_arrival_forest_fort_small_4, serial_forest,
          infiniplex_forest_lined_2, infiniplex_forest_lined_1,
          infiniplex_forest_straight_1, infiniplex_forest_zigzag_2
D:2:      grunt_gozag_breadcrumbs
D:3:      first_bread, item_on_display_a
D:4:      makhleb_heckhound_becter, minmay_temple_entry_trees, serial_shops,
          kennysheep_mini, nicolae_shop_overgrown_old_shop, shop_fountains,
          nicolae_shop_stone
D:5:      uniq_iyjb, uniq_grinder, uniq_sigmund
Temple:   circular_temple_12

Notes
Turn   | Place    | Note
--------------------------------------------------------------
     0 | D:1      | Bloax, the Tengu Transmuter, began the quest for the Orb.
     0 | D:1      | Reached XP level 1. HP: 12/12 MP: 3/3
   132 | D:1      | Reached XP level 2. HP: 10/16 MP: 3/5
   390 | D:2      | Reached skill level 4 in Unarmed Combat
   505 | D:2      | Reached skill level 3 in Dodging
   505 | D:2      | Reached XP level 3. HP: 6/20 MP: 5/7
   530 | D:2      | HP: 5/20 [adder (2)]
   530 | D:2      | HP: 1/20 [adder (4)]
   753 | D:3      | Reached XP level 4. HP: 20/25 MP: 8/8
   821 | D:3      | Learned a level 2 spell: Sticks to Snakes
   825 | D:3      | Learned a level 3 spell: Spider Form
  1091 | D:4      | Found a staircase to the Ecumenical Temple.
  1120 | Temple   | Entered the Ecumenical Temple
  1195 | D:4      | Noticed Amnesiac's ghost (weakling DEWz)
  1201 | D:4      | Killed Amnesiac's ghost
  1233 | D:4      | Found Lommexol's Weapon Boutique.
  1240 | D:4      | Found Mnaomman's Antique Armour Boutique.
  1250 | D:4      | Bought a glowing robe for 18 gold pieces
  1290 | D:4      | Reached skill level 2 in Transmutations
  1332 | D:4      | Reached skill level 1 in Poison Magic
  1332 | D:4      | Reached XP level 5. HP: 16/29 MP: 6/11
  1395 | D:5      | Entered Level 5 of the Dungeon
  1395 | D:5      | Noticed Grinder
  1400 | D:4      | Found a burning altar of Makhleb.
  1512 | D:4      | Found Naorgh's Magic Scroll Boutique.
  1518 | D:4      | Bought a scroll of teleportation for 39 gold pieces
  1552 | D:4      | Noticed an ogre
  1572 | D:4      | Killed an ogre
  1572 | D:4      | Reached skill level 5 in Unarmed Combat
  1572 | D:4      | Reached skill level 2 in Poison Magic
  1572 | D:4      | Reached XP level 6. HP: 26/34 MP: 6/12
  1599 | D:5      | Noticed Ijyb
  1693 | D:4      | Killed Ijyb
  1746 | D:4      | Found Schoogycs' Book Shop.
  2066 | D:5      | Reached skill level 3 in Transmutations
  2082 | D:5      | Noticed an ogre
  2101 | D:5      | HP: 8/34 [ogre/giant spiked club (20)]
  2105 | D:5      | Noticed Amnesiac's ghost (average DEWz)
  2106 | D:5      | Noticed Sigmund
  2107 | D:5      | HP: 3/34 [Sigmund/puff of flame (12)]
  2107 | D:5      | HP: 1/34 [kobold/uncursed dagger (2)]
  2110 | D:5      | Killed from afar by Amnesiac's ghost

Vanquished Creatures
  An ogre (D:4)
  A scorpion (D:5)
  A crimson imp (D:4)
  A hound (D:4)
  An iguana (D:4)
  An orc wizard (D:4)
  A worker ant (D:5)
  Ijyb (D:4)
  The ghost of Amnesiac the Magician, a weakling DEWz (D:4)
  4 adders
  A shadow imp (D:4)
  A worm (D:4)
  3 giant geckos
  9 orcs
  4 bats
  3 giant cockroaches
  7 goblins
  5 hobgoblins
  10 jackals (D:4)
  3 kobolds (D:1)
  3 quokkas
  A giant newt (D:2)
  A hobgoblin skeleton (D:4)
  2 jackal zombies (D:4)
  4 rats
70 creatures vanquished.
